AoeStats
← PosingArtist511

Nomad

508303835Analyzed
2v2 RM · 11d ago on Sep 21, 2026· 28m 37s· 4 players
Game mode
Random Map
Map size
176×176
Population
200
Speed
Normal
Resources
Standard
Victory
Conquest
Starting age
Dark Age
Ending age
Imperial Age
RankedLock teamsTeams togetherTeam positionsShared explorationLock speedFull tech treeHidden civsTurbo modeCheats
Victory
Defeat
🇪🇸 Vikings · Spain
598
+15
🇪🇸 Spanish · Spain
506
+19
🇮🇹 Turks · Italy
603
-18
🇺🇸 Slavs · United States
546
-16
Wortortle
6:04 Loom
13:19 Loom
16:30 Feudal Age
PosingArtist511
16:42 Feudal Age
18:39 Wheelbarrow
El_Omi
9:08 Loom
14:05 Feudal Age
17:42 Man-at-Arms
19:08 Forging
18:59 Scale Mail Armor
24:32 Horse Collar
24:41 Double-Bit Axe
28:51 Castle Age
28:13 Gold Mining
28:43 Stone Mining
Ernest el Grande
11:25 Loom
13:19 Feudal Age
14:02 Town Watch
14:02 Horse Collar
16:30 Double-Bit Axe
16:42 Man-at-Arms
18:08 Arson
19:27 Scale Mail Armor
20:21 Gold Mining
21:45 Forging
26:18 Castle Age
26:22 Long Swordsman
26:48 Gambesons
28:06 Squires
28:24 Fletching
28:43 Town Patrol
29:22 Iron Casting
Connection lost

Rejoining the realm…

Still unreachable

The connection could not be restored.

Session expired

The server has moved on; the page needs a fresh start.